Map: [ESL] Site Delta

Players

GuMiho

  • Race: Terran Terran
  • Spawn Location: 11:00

NightMare - Winner!

  • Race: Protoss Protoss
  • League: Master
  • Spawn Location: 5:00

Event: IEM Katowice 2024

VOD

Have the link to the VOD?

Description

Time

  • Played on: Dec. 9, 2023, 8:27 p.m.
  • Length: 21:02

All games in this series

Show
View Real Time Build Order
Export as new Build Order

GuMiho Terran 

Build Orders: Cyclone Opening 

Get SALT Encoding   

  12  0:00  SCV  
  13  0:12  SCV  
  14  0:17  Supply Depot  
  14  0:24  SCV  
  15  0:38  SCV  
  15  0:39  Barracks  
  16  0:42  Refinery  
  16  0:50  SCV  
  17  1:02  SCV  
  18  1:14  SCV  
  19  1:27  Orbital Command, Marine  
  20  1:39  Command Center  
  20  1:50  Factory  
  20  1:53  SCV  
  21  1:59  Refinery  
  21  2:02  Barracks Reactor  
  21  2:05  SCV  
  22  2:10  Supply Depot  
  22  2:17  SCV  
  23  2:32  SCV  
  23  2:35  Cyclone  
  26  2:38  Marine x2  
  26  2:40  Starport  
  28  2:44  SCV  
  29  2:51  Orbital Command  
  29  2:56  SCV, Marine  
  31  3:00  Marine  
  32  3:07  Factory Tech Lab  
  32  3:08  SCV  
  32  3:11  Supply Depot  
  33  3:15  Marine  
  33  3:18  SCV, Marine  
  36  3:22  Medivac  
  38  3:28  Siege Tank  
  38  3:32  SCV  
  38  3:33  SCV  
  43  3:34  Marine  
  43  3:37  Marine  
  43  3:41  Supply Depot  
  45  3:44  SCV  
  45  3:45  SCV  
  47  3:55  Liberator, Marine x2  
  50  3:56  SCV  
  50  3:57  SCV  
  54  4:05  Supply Depot  
  54  4:08  SCV  
  54  4:09  SCV, Refinery  
  56  4:12  Siege Tank  
  56  4:13  Marine  
  56  4:15  Marine  
  61  4:20  SCV  
  62  4:25  Supply Depot  
  62  4:27  SCV  
  61  4:34  SCV  
  61  4:35  Marine x2  
  61  4:40  Starport Tech Lab  
  61  4:44  Siege Tank, SCV  
  65  4:46  SCV  
  66  4:53  Marine x2  
  66  4:56  Barracks  
  66  4:57  Barracks  
  64  5:03  SCV x2  
  64  5:05  Bunker  
  59  5:10  Raven, Marine x2  
  59  5:13  Engineering Bay  
  63  5:15  SCV x2  
  63  5:17  Supply Depot  
  63  5:19  Siege Tank  
  68  5:27  SCV x2  
  70  5:28  Marine x2  
  70  5:29  Supply Depot  
  71  5:37  Supply Depot  
  71  5:39  Terran Infantry Weapons Level 1, SCV x2  
  71  5:40  Supply Depot  
  73  5:43  Refinery  
  73  5:47  Marine x2  
  75  5:50  Stimpack  
  75  5:58  Command Center  
  74  6:05  Marauder, Marine x2  
  74  6:06  Marine  
  74  6:10  SCV  
  74  6:11  SCV  
  80  6:15  Starport Reactor  
  80  6:17  Barracks  
  80  6:18  Barracks  
  80  6:23  Supply Depot, SCV x2  
  80  6:25  Factory Reactor  
  82  6:28  Marauder x2  
  82  6:30  Marine x2  
  88  6:44  SCV x2  
  88  6:47  Ghost Academy  
  89  6:48  Marine x2  
  89  6:52  Barracks Tech Lab  
  89  6:53  Medivac x2  
  92  6:58  SCV  
  92  7:01  SCV  
  94  7:05  Supply Depot  
  94  7:06  Supply Depot, Widow Mine x2  
  98  7:10  SCV  
  98  7:13  SCV  
  100  7:17  Barracks Tech Lab  
  100  7:18  Barracks Reactor  
  100  7:20  Marauder x2  
  100  7:22  SCV  
  105  7:25  Viking, SCV  
  105  7:28  Viking  
  112  7:30  Widow Mine  
  112  7:34  SCV  
  112  7:37  SCV  
  77  8:02  Marine x2  
  77  8:03  Marine x3, Marauder x2  
  75  8:20  Marine x2  
  75  8:21  Marauder, Marine x2  
  75  8:24  Ghost x2  
  75  8:25  Widow Mine x2  
  75  8:26  SCV x2  
  91  8:27  Terran Infantry Armor Level 1  
  91  8:32  Concussive Shells  
  90  8:38  Orbital Command  
  77  8:42  Ghost  
  77  8:47  Marine x2  
  77  8:48  Marine x2  
  78  8:50  Widow Mine x2  
  78  8:53  Marauder x2, SCV x2  
  89  8:59  Armory  
  88  9:05  SCV x2, Marine  
  88  9:09  Marine  
  92  9:11  Orbital Command, Marauder  
  92  9:14  Combat Shield, Marauder x2  
  98  9:17  SCV x2  
  98  9:18  Marine  
  101  9:29  SCV, Marine x2  
  104  9:33  Marauder, Marine  
  104  9:35  Marine  
  104  9:36  Marauder  
  110  9:38  Marine  
  110  9:43  SCV  
  112  9:47  Marine x2  
  112  9:50  SCV  
  112  9:51  SCV, Marine  
  117  9:54  Marauder  
  117  9:57  Medivac x2  
  123  10:01  Marauder  
  123  10:04  Marine  
  123  10:05  Marine  
  122  10:07  SCV  
  122  10:08  SCV  
  122  10:10  SCV  
  122  10:13  Personal Cloaking  
  125  10:17  Widow Mine  
  125  10:19  Widow Mine  
  125  10:21  SCV  
  130  10:25  Marauder  
  132  10:28  Missile Turret  
  132  10:29  Marauder  
  132  10:33  Marauder, Marine  
  128  10:50  Marine x2  
  128  10:51  Marauder, Marine x2  
  134  10:57  Marauder x2  
  134  11:01  SCV  
  134  11:02  SCV  
  140  11:08  Marine x4, Medivac x2  
  149  11:11  SCV  
  149  11:19  Refinery  
  149  11:20  Marauder, SCV  
  152  11:32  Marine x2  
  159  11:35  Terran Infantry Weapons Level 2  
  158  11:40  Refinery  
  158  11:42  Viking x2  
  162  11:47  Ghost x3  
  163  11:54  Sensor Tower  
  163  12:04  Command Center, Supply Depot  
  163  12:06  Supply Depot  
  163  12:15  Ghost  
  163  12:22  Viking x2  
  164  12:24  Marine  
  164  12:25  Marine x3  
  164  12:26  Marauder x2  
  172  12:33  Bunker  
  170  12:42  Marine  
  170  12:43  Marine x2  
  171  12:45  Marauder  
  171  12:47  Marauder  
  175  12:52  Viking, Marauder, Marine  
  175  12:56  Supply Depot  
  175  12:58  Supply Depot x2  
  180  13:00  Marine  
  181  13:08  Engineering Bay  
  181  13:13  Command Center  
  181  13:15  Viking, Marine x2  
  185  13:22  Viking  
  185  13:23  Barracks  
  185  13:24  Starport  
  185  13:26  Barracks x2  
  187  13:35  SCV x2  
  187  13:39  Marauder x2  
  193  13:43  SCV  
  193  13:45  Viking  
  193  13:46  Missile Turret  
  193  13:47  SCV  
  193  13:48  Terran Infantry Armor Level 2  
  197  13:54  Planetary Fortress  
  197  13:57  Marauder  
  197  14:00  Marine  
  185  14:21  Viking x2  
  185  14:22  Marine  
  185  14:23  Marauder x2  
  194  14:29  Orbital Command  
  194  14:30  Marauder  
  194  14:34  Barracks Tech Lab  
  194  14:35  Barracks Tech Lab  
  194  14:36  Starport Reactor, Barracks Tech Lab  
  193  14:48  Marauder x2, Marine x3  
  200  14:57  Viking  
  200  15:04  Terran Infantry Weapons Level 3  
  200  15:05  Missile Turret  
  183  15:21  Marine  
  183  15:22  Marauder, Marine x5  
  183  15:25  Marine  
  183  15:26  Marauder  
  186  15:28  Marauder  
  186  15:32  Viking x2  
  190  15:36  SCV x3  
  190  15:39  Marine x2  
  195  15:49  Medivac  
  197  15:54  Missile Turret  
  196  16:02  Medivac  
  198  16:07  Terran Infantry Armor Level 3  
  198  16:08  Terran Ship Weapons Level 1  
  198  16:12  Marauder  
  198  16:18  Orbital Command  
  189  16:28  Marauder x2  
  189  16:31  Marauder  
  175  16:33  Marauder, Marine x4  
  175  16:34  Marine  
  175  16:35  Marauder  
  166  16:49  Marauder, Marine  
  166  16:51  Marine x4  
  166  16:52  Marauder  
  166  16:53  Marauder  
  152  16:55  Marauder  
  152  16:56  Marine  
  152  16:58  Medivac x2  
  152  16:59  Medivac x2  
  159  17:07  Marine  
  153  17:09  Marine x4  
  153  17:11  Marauder  
  153  17:13  Marine, Marauder  
  153  17:14  Marauder  
  152  17:16  Marine  
  144  17:25  Marauder  
  144  17:26  Marine  
  144  17:27  Marine x3  
  144  17:28  Widow Mine x2, Medivac x2  
  156  17:32  Marauder x2  
  156  17:34  Marauder  
  156  17:35  Marine, Marauder  
  159  17:44  Marine  
  159  17:46  Marauder  
  159  17:50  Widow Mine x2  
  154  17:52  Medivac x2  
  154  17:53  Marauder x2  
  154  17:56  Marauder x2  
  148  18:02  Marine  
  148  18:03  Marine x2, Marauder  
  148  18:05  Marine  
  150  18:08  Marauder  
  145  18:15  Ghost, Marauder  
  145  18:16  Ghost  
  145  18:17  Ghost  
  149  18:20  Marine  
  149  18:21  Marine x2  
  149  18:23  Marine  
  149  18:45  Marine  
  149  18:46  Marauder x3, Marine x3  
  149  18:47  Marine x2  
  149  18:48  Marauder  
  160  19:03  Marine x2  
  160  19:04  Marine x2  
  160  19:05  Marauder x2  
  160  19:07  Marauder x2  
  157  19:10  Marauder  
  157  19:14  Marauder  
  157  19:16  Medivac x2  
  159  19:20  SCV, Refinery x2  
  159  19:21  Marine x2, SCV x2  
  159  19:22  SCV, Marine x2  
  167  19:26  Marauder x2  
  167  19:28  Marine  
  167  19:29  Marauder  
  176  19:31  Marauder  
  176  19:35  Marine  
  177  19:39  Marine  
  177  19:44  Marine x2  
  177  19:45  Marine  
  179  19:46  Marauder  
  179  19:48  Marauder  
  182  19:59  Marauder x2  
  171  20:02  Marauder x2  
  171  20:05  Viking x2  
  156  20:08  Viking  
  156  20:12  Marauder, Marine x3  
  156  20:13  Marine x2  
  159  20:19  Marine x2  
  159  20:23  Marauder x2  
  163  20:30  Marine x4  
  163  20:31  Marauder  
  163  20:33  Marine  
  167  20:37  Marine  
  167  20:38  Marauder  
Show
View Real Time Build Order
Export as new Build Order

NightMare Protoss - Winner!

Build Orders: 1 Gate Expand, Blink Stalkers 

Get SALT Encoding   

  12  0:00  Probe  
  13  0:12  Probe  
  14  0:17  Pylon  
  14  0:24  Probe (Chrono Boost)  
  15  0:36  Probe (Chrono Boost)  
  15  0:37  Gateway  
  16  0:45  Probe (Chrono Boost)  
  16  0:48  Assimilator  
  17  0:52  Probe  
  18  1:04  Probe  
  19  1:16  Probe  
  20  1:25  Cybernetics Core  
  20  1:28  Probe  
  21  1:36  Nexus  
  21  1:43  Pylon  
  21  1:46  Probe  
  22  1:51  Assimilator  
  22  1:58  Probe  
  22  2:00  Adept (Chrono Boost)  
  23  2:04  Warp Gate  
  25  2:10  Probe  
  26  2:22  Twilight Council, Probe  
  27  2:29  Stalker  
  29  2:34  Probe  
  30  2:43  Gateway  
  30  2:46  Probe  
  30  2:48  Probe  
  32  2:55  Blink (Chrono Boost)  
  32  2:58  Probe  
  32  3:00  Probe  
  34  3:11  Probe  
  35  3:13  Probe  
  35  3:16  Robotics Facility  
  36  3:20  Gateway  
  36  3:23  Probe  
  36  3:25  Probe  
  38  3:33  Shield Battery  
  38  3:35  Probe, Pylon  
  38  3:37  Probe  
  40  3:47  Probe  
  41  3:49  Probe  
  41  3:51  Assimilator  
  41  3:52  Stalker x2  
  46  3:58  Pylon  
  46  3:59  Probe  
  46  4:01  Probe  
  48  4:04  Observer  
  48  4:07  Pylon  
  49  4:11  Probe  
  49  4:13  Probe  
  51  4:18  Stalker x2  
  51  4:20  Stalker  
  57  4:27  Pylon, Probe x2  
  59  4:41  Warp Prism (Chrono Boost), Stalker x2  
  59  4:42  Observer  
  63  4:48  Stalker  
  63  4:52  Assimilator  
  63  5:01  Probe x2  
  63  5:06  Templar Archives  
  63  5:20  Stalker  
  65  5:22  Probe x2  
  65  5:25  Observer  
  66  5:31  Psionic Storm  
  66  5:35  Gateway  
  66  5:36  Gateway x2  
  66  5:41  Nexus  
  66  5:42  Charge  
  66  5:43  Pylon  
  66  5:53  Gateway  
  66  5:54  High Templar  
  68  5:57  Probe  
  68  5:59  Probe  
  66  6:09  Probe  
  66  6:11  Probe  
  66  6:13  Observer, Warp Prism (Chrono Boost)  
  66  6:16  High Templar  
  66  6:18  High Templar  
  68  6:20  Pylon  
  68  6:21  Forge, Probe  
  68  6:23  Probe  
  69  6:29  Stalker  
  68  6:33  Probe  
  68  6:35  Probe  
  68  6:36  Observer  
  70  6:40  Stalker  
  72  6:50  Protoss Ground Weapons Level 1 (Chrono Boost), Probe  
  72  6:51  Probe  
  72  6:53  High Templar  
  72  6:54  Zealot x2  
  80  6:58  Probe  
  81  7:03  Probe  
  82  7:12  Zealot x2  
  82  7:13  Zealot x2  
  90  7:18  Zealot x2  
  90  7:22  Probe x2  
  96  7:23  Probe  
  96  7:24  Pylon  
  97  7:30  Pylon  
  97  7:33  High Templar  
  97  7:34  Zealot x2  
  101  7:47  Probe x2  
  93  7:53  Zealot  
  85  8:02  Stalker x5  
  85  8:03  Stalker  
  93  8:09  Probe x3  
  93  8:10  Warp Prism (Chrono Boost)  
  94  8:26  High Templar  
  96  8:28  Robotics Bay  
  96  8:29  Nexus  
  94  8:47  Protoss Ground Weapons Level 2 (Chrono Boost)  
  94  8:48  Zealot x6  
  95  8:50  Photon Cannon, Shield Battery  
  95  8:52  Pylon  
  105  8:56  Photon Cannon  
  105  8:58  Pylon  
  105  9:00  Photon Cannon  
  105  9:08  Observer (Chrono Boost)  
  105  9:09  Robotics Facility, Pylon  
  106  9:11  Pylon  
  106  9:16  Colossus (Chrono Boost)  
  106  9:21  Extended Thermal Lance  
  106  9:29  Photon Cannon  
  108  9:31  Stalker x3  
  113  9:39  Pylon  
  113  9:40  Zealot x4  
  119  9:53  Probe x2  
  119  9:54  Probe x2  
  119  9:59  Colossus (Chrono Boost)  
  123  10:04  Colossus (Chrono Boost)  
  133  10:09  Gateway  
  133  10:12  Zealot x4  
  141  10:14  Probe x2  
  141  10:17  Probe x2  
  145  10:27  Zealot x3  
  151  10:29  Shield Battery  
  151  10:31  Gateway  
  149  10:49  Zealot x7  
  161  10:52  Colossus x2 (Chrono Boost)  
  173  11:01  Pylon, Protoss Ground Weapons Level 3 (Chrono Boost)  
  171  11:05  Pylon  
  171  11:08  Pylon  
  169  11:12  Observer  
  169  11:13  Zealot x4  
  169  11:16  Shield Battery  
  177  11:22  Zealot  
  171  11:26  Zealot x4  
  179  11:37  Nexus  
  179  11:38  Observer x2 (Chrono Boost)  
  179  11:39  Pylon  
  179  11:52  Stalker x7  
  193  11:58  Stalker x2  
  197  12:05  Shield Battery  
  197  12:07  Shield Battery  
  197  12:08  Photon Cannon  
  197  12:11  Probe x2  
  197  12:12  Probe  
  197  12:14  Observer  
  188  12:30  Zealot x2  
  188  12:31  Zealot x4  
  200  12:42  Forge  
  198  12:45  Gateway x2  
  198  12:51  High Templar  
  198  12:55  Photon Cannon x2  
  199  13:06  Photon Cannon  
  199  13:07  Photon Cannon  
  199  13:08  Photon Cannon  
  199  13:09  Photon Cannon  
  199  13:16  Protoss Ground Armor Level 1 (Chrono Boost), Shield Battery  
  199  13:18  Pylon  
  199  13:31  Observer  
  195  13:42  Stargate  
  195  13:43  Observer x2  
  195  13:45  Stargate  
  195  13:47  Stargate  
  194  13:56  High Templar x2  
  194  13:58  Pylon  
  184  14:17  Zealot x8  
  184  14:21  Zealot  
  198  14:30  Fleet Beacon  
  197  14:33  Assimilator x2  
  197  14:35  Assimilator  
  197  14:36  Assimilator  
  195  14:49  Disruptor (Chrono Boost)  
  197  14:57  Disruptor (Chrono Boost)  
  195  15:04  Protoss Ground Armor Level 2 (Chrono Boost)  
  197  15:17  Nexus  
  197  15:19  Pylon  
  175  15:24  Disruptor x2 (Chrono Boost)  
  175  15:25  Zealot, Protoss Air Weapons Level 1 (Chrono Boost)  
  175  15:26  Zealot x6  
  175  15:31  Zealot x3  
  181  15:36  Stalker  
  183  15:45  Photon Cannon  
  183  15:47  Photon Cannon  
  183  15:48  Shield Battery x2  
  183  15:50  Shield Battery  
  183  15:52  Photon Cannon  
  183  15:53  Photon Cannon  
  183  15:54  Photon Cannon  
  195  16:00  Disruptor x2 (Chrono Boost)  
  189  16:07  High Templar x2  
  189  16:08  Zealot x3  
  181  16:29  Observer x2  
  167  16:36  Zealot x6  
  167  16:37  Zealot x3  
  141  16:51  Carrier x3 (Chrono Boost), Zealot x2  
  155  16:57  Zealot x5  
  155  16:58  Zealot x4  
  153  17:21  Zealot x5  
  153  17:22  Zealot x6  
  145  17:46  Stalker x11  
  157  17:53  Pylon  
  157  17:54  Protoss Air Weapons Level 2  
  157  17:56  Warp Prism (Chrono Boost)  
  157  17:57  Colossus (Chrono Boost)  
  133  18:19  Zealot x11  
  153  18:22  Assimilator, Probe  
  153  18:23  Probe x5  
  153  18:24  Assimilator  
  157  18:45  Zealot x11  
  157  18:46  Colossus x2 (Chrono Boost)  
  183  19:07  Zealot x5  
  183  19:08  Zealot x6  
  151  19:31  Zealot, Stalker x6  
  155  19:32  Zealot x4  
  155  19:34  Disruptor x2 (Chrono Boost)  
  173  19:54  Zealot x7  
  174  20:01  Zealot x3  
  162  20:12  Disruptor x2 (Chrono Boost)  
  158  20:15  Nexus  
  164  20:24  Pylon  
  163  20:38  Stalker x6  
  163  20:39  Zealot x5  

Tags
 
Add a new tag
Caveats
  • Supply blocks, unpowered buildings, or Contaminate may cause inaccurate times.
  • Supply counts are checked every 10 seconds.